 Dungeon Crawl Stone Soup version 0.29.1-1-gd02db6906a (webtiles) character file.

Game seed: 16633129116065284118

101800 Icepheonix32 the Convoker (level 16, -2/101 HPs)
             Began as a Merfolk Summoner on Oct 11, 2022.
             Was the Champion of Hepliaklqana.
             Slain by a spectral eight-headed hydra (9 damage)
             ... called from beyond by a ghost crab
             ... on level 1 of the Swamp on Oct 12, 2022.
             The game lasted 01:57:38 (35957 turns).

Icepheonix32 the Convoker (Merfolk Summoner)       Turns: 35957, Time: 01:57:39

Health: -2/101     AC: 24    Str: 16    XL:     16   Next: 31%
Magic:  22/30      EV: 17    Int: 33    God:    Hepliaklqana [******]
Gold:   959        SH:  7    Dex: 16    Spells: 7/34 levels left

rFire   . . .      SeeInvis +   z - +8 spear of Paus {freeze, rPois rC+ Stlth+}
rCold   + . .      Faith    .   K - +2 buckler {AC+3}
rNeg    . . .      Spirit   .   L - +0 acid dragon scales
rPois   +          Reflect  .   s - +3 hat of Pondering {ponderous, Will+ MP+10 Int+5}
rElec   .          Harm     .   F - +1 cloak of Dice, Bag, and Bottle {MP-9 Int+3}
rCorr   +          Rampage  .   k - +2 pair of gloves
Will    ++...                   M - +2 pair of boots of Vanity {Str+4}
Stlth   +++++.....              u - amulet of the acrobat
HPRegen 0.26/turn               r - ring of see invisible
MPRegen 0.22/turn               W - +6 ring of intelligence

@: about to teleport, slow
A: reduced essence, (nimble swimmer 2), mertail, iridescent scales 1, mutation
resistance 1, strong 1
a: Renounce Religion, Recall Ancestor, Ancestor Identity, Transference, Idealise


You were on level 1 of the Swamp.
You worshipped Hepliaklqana.
Hepliaklqana was exalted by your worship.
You visited 5 branches of the dungeon, and saw 24 of its levels.
You visited the Abyss 1 time.
You also visited: Ice Cave.

You collected 2892 gold pieces.
You spent 1933 gold pieces at shops.

Inventory:

Hand Weapons
 z - the +8 spear of Paus (weapon) {freeze, rPois rC+ Stlth+}
   (You found it on level 5 of the Lair of Beasts)

   It freezes those it strikes, dealing additional cold damage.
   It can also slow down cold-blooded creatures.
   rC:        It protects you from cold.
   rPois:     It protects you from poison.
   Stlth:     It makes you more stealthy.
 B - a +5 vorpal triple crossbow
 P - a +2 trident of distortion
Missiles
 c - 4 boomerangs of dispersal
 H - 21 boomerangs
 I - a throwing net
 N - 4 silver javelins
 X - 4 curare-tipped darts
Armour
 k - a +2 pair of gloves (worn)
 q - a +0 robe of willpower
 s - the +3 hat of Pondering (worn) {ponderous, Will+ MP+10 Int+5}
   (You took it off Gastronok on level 8 of the Dungeon)

   Int:       It affects your intelligence (+5).
   MP:        It affects your magic capacity (+10).
   Will:      It increases your willpower.
 F - the +1 cloak of Dice, Bag, and Bottle (worn) {MP-9 Int+3}
   (You bought it in a shop on level 7 of the Dungeon)

   Int:       It affects your intelligence (+3).
   MP:        It affects your magic capacity (-9).
 G - +1 steam dragon scales
 K - a +2 buckler of protection (worn)
 L - +0 acid dragon scales (worn)
 M - the +2 pair of boots of Vanity (worn) {Str+4}
   (You bought it in a shop on level 2 of the Orcish Mines)

   Str:       It affects your strength (+4).
 Q - the +6 scale mail of Ynai {Rampage}
   (You bought it in a shop on level 1 of the Dungeon)

   Rampage:   It bestows one free step when moving towards enemies.
 Z - a +1 kite shield of protection
Magical Staves
 j - a staff of poison
 E - a staff of air
Jewellery
 r - a ring of see invisible (left hand)
 u - an amulet of the acrobat (around neck)
 y - an amulet of magic regeneration
 U - an amulet of reflection
 W - a +6 ring of intelligence (right hand)
Wands
 m - a wand of iceblast (18)
 t - a wand of polymorph (7)
 w - a wand of quicksilver (14)
 O - a wand of charming (21)
Scrolls
 e - 4 scrolls of teleportation
 g - 12 scrolls of identify
 i - a scroll of summoning
 o - 5 scrolls of immolation
 p - 4 scrolls of amnesia
 v - 4 scrolls of poison
 A - 2 scrolls of fear
 J - a scroll of torment
 V - 4 scrolls of vulnerability
 Y - a scroll of butterflies
Potions
 b - 2 potions of magic
 h - 4 potions of flight
 n - 10 potions of curing
 x - 2 potions of brilliance
 C - 2 potions of invisibility
 D - 2 potions of lignification
 R - a potion of haste
 S - 3 potions of ambrosia
 T - 3 potions of might
Miscellaneous
 a - a phantom mirror
 d - a phial of floods
 f - a lightning rod (4/4)
 l - a condenser vane


   Skills:
 - Level 6.6 Fighting
 - Level 10.0 Polearms
 * Level 7.1 Armour
 - Level 12.4 Dodging
 - Level 9.0 Stealth
 + Level 3.0 Shields
 - Level 9.5 Spellcasting
 - Level 2.0 Conjurations
 - Level 8.6 Hexes
 + Level 16.8 Summonings
 - Level 1.8 Air Magic
 - Level 1.1 Poison Magic
 - Level 6.2 Invocations
 - Level 5.7 Evocations


You had 7 spell levels left.
You knew the following spells:

 Your Spells              Type           Power      Damage    Failure   Level
a - Summon Small Mammal   Summ           100%       N/A       0%          1
b - Call Imp              Summ           91%        N/A       0%          2
c - Call Canine Familiar  Summ           91%        N/A       0%          3
d - Searing Ray           Conj           58%        2d6       3%          2
e - Summon Guardian Gole  Hex/Summ       79%        N/A       1%          3
f - Summon Lightning Spi  Summ/Air       67%        N/A       1%          4
g - Dazzling Flash        Conj/Hex       100%       N/A       1%          3
h - Silence               Hex/Air        25%        N/A       17%         5
i - Mephitic Cloud        Conj/Pois/Air  26%        N/A       8%          3
j - Slow                  Hex            100%       N/A       1%          1

Your spell library contained the following spells:

 Spells                   Type           Power      Damage    Failure   Level
 Confusing Touch          Hex            64%        N/A       1%          3
 Magic Dart               Conj           100%       1d8       2%          1
 Shock                    Conj/Air       100%       1d9       2%          1
 Foxfire                  Conj/Fire      88%        2x1d8     3%          1
 Static Discharge         Conj/Air       28%        3-7/arc   3%          2
 Apportation              Tloc           30%        N/A       5%          1
 Necrotise                Necr           60%        1d7       5%          1
 Fulminant Prism          Conj/Hex       25%        3d14      6%          4
 Swiftness                Air            27%        N/A       8%          3
 Vampiric Draining        Necr           15%        2d7       16%         3
 Airstrike                Air            13%        2d(2-18)  24%         4
 Animate Dead             Necr           15%        N/A       45%         4
 Lightning Bolt           Conj/Air       14%        1d27      54%         5
 Fireball                 Conj/Fire      11%        3d7       67%         5
 Agony                    Necr           15%        N/A       82%         5
 Borgnjor's Vile Clutch   Necr/Erth      7%         N/A       82%         5
 Conjure Ball Lightning   Conj/Air       14%        3x3d6     98%         6
 Iron Shot                Conj/Erth      11%        9d3       99%         6
 Starburst                Conj/Fire      11%        6d5       99%         6
 Death Channel            Necr           7%         N/A       100%        6
 Discord                  Hex            32%        N/A       100%        8
 Disjunction              Tloc           7%         N/A       100%        8
 Ignition                 Fire           7%         3d5       100%        8
 Maxwell's Capacitive Co  Air            13%        ∞         100%        8


Dungeon Overview and Level Annotations

Branches:
Dungeon (15/15)            Temple (1/1) D:7            Lair (5/5) D:10
  Swamp (1/4) Lair:2        Snake (0/4) Lair:2        Slime (0/5) Lair:4
    Orc (2/2) D:10            Elf (0/3) Orc:2        Vaults (0/5) D:14
 Depths (0/4) D:15          IceCv (visited)

Altars:
Ashenzari
Cheibriados
Dithmenos
Elyvilon
Fedhas
Gozag
Hepliaklqana
Kikubaaqudgha
Makhleb
Nemelex Xobeh
Okawaru
Qazlal
Ru
Sif Muna
Trog
Uskayaw
Vehumet
Wu Jian
Xom
Yredelemnul
Zin
The Shining One
Jiyva

Shops:
D:1 [   D:3 *   D:7 [   Orc:2 *(=[(

Annotations:
Swamp:1 Roxanne


Innate Abilities, Weirdness & Mutations

Your life essence is reduced to manifest your ancestor. (-10% HP)
((You are very nimble when in or above water. (Stealth+, EV+, Speed+++)))
Your lower body shifts to a powerful aquatic tail in water.
You are partially covered in iridescent scales. (AC +2)
You are somewhat resistant to further mutation.
Your muscles are strong. (Str +4, Int/Dex -1)


Message History

The six-headed hydra bites you!
* * * LOW HITPOINT WARNING * * *
You block the six-headed hydra's attack.
The six-headed hydra bites you but does no damage.
The swamp worm is engulfed in noxious fumes.
The swamp worm appears confused.
Your guardian golem is engulfed in spectral mist.
The spectral spriggan air mage completely misses you.
The spectral eight-headed hydra closely misses you.
The spectral eight-headed hydra misses you.
The spectral eight-headed hydra bites you.
* * * LOW HITPOINT WARNING * * *
The spectral eight-headed hydra completely misses you.
The spectral eight-headed hydra bites you but does no damage.
The spectral eight-headed hydra barely misses you.
The spectral eight-headed hydra bites you but does no damage.
The spectral eight-headed hydra closely misses you.
The alligator is engulfed in noxious fumes.
The alligator appears confused.
The alligator closely misses you.
The alligator tail-slaps you but does no damage.
The alligator bites itself!
The alligator tail-slaps itself.
You feel better.
You are engulfed in spectral mist.
* * * LOW HITPOINT WARNING * * *
Amnanu is engulfed in spectral mist.
Amnanu hits the alligator with a +0 dagger of draining!
The alligator dies!
Amnanu is engulfed in spectral mist.
The swamp worm is engulfed in noxious fumes.
The swamp worm bites you!
* * * LOW HITPOINT WARNING * * *
The six-headed hydra is engulfed in spectral mist.
The six-headed hydra completely misses you.
The six-headed hydra bites you but does no damage.
The six-headed hydra misses you.
The six-headed hydra bites you but does no damage. x3
Your guardian golem is engulfed in spectral mist.
The spectral spriggan air mage closely misses you.
The spectral eight-headed hydra closely misses you.
The spectral eight-headed hydra bites you!
You die...

♣~..≈≈≈≈≈≈t~~~~~~~~.~§~
♣~§...≈≈..~~~§§~~§~..~♣
♣~~......~~~~~..~~~..♣
♣♣~...~...~~§~...~~§..♣
♣..........[.☼~..~~~~.♣♣
♣♣~~..........○○.○~~~~~.♣♣
♣♣~~~~.~~~~~~..°tR§~~§~~.~♣
♣~~~†~~§§~~~~.♣♣Z○☼~~~~~...
....~..~~.)...♣°@9○~~~.....
~.§~~~~.....~~~ZDw~....~~~~
~~.~~§....~~§~○Z°○°.~..~~.~
~~../..~...~§~.○~~.♣♣♣..~.♣
~~...~~~.♣...§~..~♣♣ ♣~..~
~~.♣>~§.~♣~.♣♣♣♣♣♣♣ ♣♣♣♣
~~♣♣....♣♣♣♣♣ ♣♣♣♣...♣♣
.§~.♣


You could see the friendly Amnanu the hexer (sheltered), a six-headed hydra, a
ghost crab, a spectral eight-headed hydra (summoned, ally target), a spectral
four-headed hydra (summoned), a spectral spriggan air mage (summoned), a swamp
worm (confused, ally target) and a friendly guardian golem (summoned).

Vanquished Creatures
  Gastronok (D:8)
  An eleionoma (Swamp:1)
  An ettin (Orc:1)
  A boulder beetle (D:12)
  3 tengu warriors (D:15)
  3 orc high priests
  A goliath frog (Swamp:1)
  A shadow wraith (Abyss:2)
  7 orc knights
  A deep elf pyromancer (D:15)
  2 orc sorcerers (Orc:2)
  A wolf spider (Lair:5)
  An ugly thing (D:13)
  A will-o-the-wisp (Swamp:1)
  2 cyclopes
  A black mamba (Lair:5)
  An ice statue (IceCv)
  A guardian serpent (Lair:5)
  5 cane toads
  A yaktaur (D:15)
  A rime drake (Lair:1)
  An efreet (D:13)
  A komodo dragon (Lair:3)
  A yaktaur (shapeshifter) (D:14)
  4 trolls
  A hornet (Lair:5)
  A tyrant leech (Swamp:1)
  A raiju (Abyss:2)
  8 slime creatures
  A shadow (D:12)
  2 basilisks
  A spriggan (Swamp:1)
  5 wyverns
  11 yaks
  4 vampire mosquitoes
  A harpy simulacrum (IceCv)
  2 swamp worms (Swamp:1)
  2 water moccasins (Lair:5)
  3 hell hounds (D:14)
  8 orc warriors
  A black bear (D:5)
  3 ogres
  2 centaurs (D:13)
  4 wolves
  2 bullfrogs
  3 hexers
  A killer bee (D:11)
  2 electric eels
  A jelly (D:6)
  3 gnoll boudas (D:13)
  A hound (D:5)
  An iguana (D:4)
  5 orc priests (Orc:2)
  Natasha (D:4)
  6 orc wizards
  8 gnolls
  An ufetubus (D:4)
  A worm (D:2)
  A dart slug (D:1)
  23 orcs
  5 endoplasms
  5 giant cockroaches
  19 goblins
  6 hobgoblins
  A quokka (D:4)
  4 ball pythons
  4 bats
  4 frilled lizards
  7 kobolds
  4 rats
  A spectral goblin (D:3)
225 creatures vanquished.

Vanquished Creatures (collateral kills)
  Rupert (Lair:4)
  A fenstrider witch (Swamp:1)
  A stone giant (D:15)
  Azrael (D:14)
  Josephine (D:11)
  3 boulder beetles
  5 hydras
  A rakshasa (D:14)
  A centaur warrior (D:13)
  A catoblepas (Lair:5)
  2 two-headed ogres
  Erica (D:10)
  2 dancing weapons (D:14)
  2 tengu warriors (D:15)
  3 alligators (Swamp:1)
  A death yak (Lair:5)
  A thrashing horror (Abyss:2)
  Urug (D:13)
  2 orc high priests
  A goliath frog (Swamp:1)
  4 skeletal warriors (D:15)
  A bog body (Lair:2)
  2 deep elf pyromancers
  6 orc knights
  A wizard (D:15)
  Pikel (D:9)
  A wolf spider (D:15)
  5 orc sorcerers
  7 ugly things
  5 cyclopes
  A large abomination (Abyss:2)
  6 elephants
  A black mamba (shapeshifter) (D:15)
  An ice statue (IceCv)
  6 black mambas
  11 cane toads
  4 komodo dragons
  A rime drake (Lair:2)
  A yaktaur (shapeshifter) (D:14)
  A kobold demonologist (D:14)
  The ghost of fireball365 the Chopper, an amateur MiBe of Trog (D:4)
  A wind drake (shapeshifter) (D:15)
  2 trolls
  2 hornets
  A tyrant leech (Swamp:1)
  5 slime creatures
  2 raiju (Abyss:2)
  2 vampires
  3 wraiths (D:11)
  8 wyverns
  A fire elemental (D:14)
  30 yaks
  Grum (D:9)
  A death yak simulacrum (D:13)
  7 vampire mosquitoes
  2 steam dragons
  3 basilisks
  2 redbacks (Lair:5)
  A naga (Lair:2)
  6 wargs
  13 water moccasins
  2 swamp worms (Lair:2)
  2 hell hounds (D:14)
  2 acid dragons
  A hydra simulacrum (IceCv)
  A sky beast (D:6)
  3 ice beasts
  3 black bears
  16 orc warriors
  3 ogres
  18 wolves
  5 centaurs
  A lemure (D:9)
  4 kobold brigands
  7 bullfrogs
  A scorpion (D:6)
  3 two-headed ogre simulacra (D:13)
  11 killer bees
  A howler monkey (D:10)
  4 electric eels
  A hound (D:4)
  13 orc priests
  3 gnoll boudas
  A jelly (D:6)
  3 iguanas
  Natasha (twice) (D:4)
  14 orc wizards
  A polar bear simulacrum (IceCv)
  A wolf simulacrum (IceCv)
  Robin (D:4)
  14 gnolls
  4 adders
  A naga simulacrum (D:13)
  4 white imps
  A dart slug (D:1)
  53 orcs
  4 endoplasms
  A giant cockroach (D:2)
  12 goblins
  3 hobgoblins
  9 kobolds
  3 quokkas
  3 ball pythons
  A bat (D:2)
  A frilled lizard (D:1)
  2 rats
  A bush (D:15)
  A butterfly (Lair:5)
  A fungus (Lair:4)
439 creatures vanquished.

Vanquished Creatures (others)
  A thorn hunter (Swamp:1)
  A boulder beetle (D:14)
  2 hydras
  A two-headed ogre (D:8)
  2 death yaks (Lair:5)
  A bog body (Lair:2)
  3 ugly things
  2 elephants (Lair:5)
  A komodo dragon (Lair:5)
  2 trolls
  A hornet (Swamp:1)
  A wraith (D:11)
  A wyvern (Lair:5)
  8 yaks
  A shadow (D:9)
  A death yak simulacrum (IceCv)
  A water moccasin (Lair:5)
  An orc warrior (Orc:1)
  A black bear (D:7)
  3 wolves
  A lemure (D:9)
  3 killer bees
  18 hexers
  An ancestor (D:8)
  A polar bear simulacrum (D:13)
  2 spriggan simulacra (D:13)
  A gnoll (D:7)
  An orc (D:8)
  A kobold (D:9)
  A briar patch (Swamp:1)
  A butterfly (D:15)
  12 foxfires (Swamp:1)
  40 fungi
  72 plants
190 creatures vanquished.

Grand Total: 854 creatures vanquished

Notes
Turn   | Place    | Note
-------+----------+-------------------------------------------
     0 | D:1      | Icepheonix32 the Merfolk Summoner began the quest for the
                  | Orb.
     0 | D:1      | Reached XP level 1. HP: 13/13 MP: 3/3
   440 | D:1      | Reached XP level 2. HP: 18/19 MP: 5/5
   801 | D:1      | Reached XP level 3. HP: 5/24 MP: 3/6
  1046 | D:1      | Learned a level 2 spell: Call Imp
  1050 | D:1      | Learned a level 3 spell: Call Canine Familiar
  1261 | D:1      | Found Keomec's Antique Armour Emporium.
  1331 | D:1      | Reached skill level 5 in Summonings
  2310 | D:2      | Reached XP level 4. HP: 27/30 MP: 7/7
  3807 | D:3      | Found Tuipp's General Store.
  3948 | D:3      | Found a faded altar of an unknown god.
  4183 | D:3      | Reached skill level 6 in Summonings
  4193 | D:3      | Reached XP level 5. HP: 25/35 MP: 2/8
  4606 | D:3      | Learned a level 2 spell: Searing Ray
  5081 | D:4      | Noticed fireball365's ghost (amateur MiBe)
  5093 | D:4      | Reached skill level 7 in Summonings
  5395 | D:4      | Reached XP level 6. HP: 41/41 MP: 5/9
  5567 | D:4      | Found a runed translucent door.
  5576 | D:4      | Found a snail-covered altar of Cheibriados.
  5973 | D:4      | Noticed Natasha
  5978 | D:4      | Identified the +0 helmet of Inference {rPois Int-2 SInv}
  5978 | D:4      | Noticed Robin
  6008 | D:4      | Killed Natasha
  6024 | D:4      | Killed Robin
  6250 | D:4      | Noticed Natasha
  6258 | D:4      | Killed Natasha
  6886 | D:4      | Noticed Natasha
  6894 | D:4      | Killed Natasha
  6895 | D:4      | Reached skill level 8 in Summonings
  7054 | D:5      | Entered Level 5 of the Dungeon
  7054 | D:5      | Noticed a black bear
  7188 | D:5      | Noticed an ice beast
  7346 | D:5      | Reached XP level 7. HP: 27/46 MP: 4/10
  8031 | D:5      | Reached skill level 9 in Summonings
  8727 | D:5      | Reached XP level 8. HP: 44/52 MP: 4/11
  9007 | D:6      | Reached skill level 10 in Summonings
  9578 | D:6      | Found a glowing golden altar of the Shining One.
  9627 | D:6      | Learned a level 3 spell: Summon Guardian Golem
 10008 | D:7      | Noticed a cyclops
 10172 | D:7      | Reached skill level 11 in Summonings
 10408 | D:7      | Found an opulent altar of Gozag.
 10436 | D:7      | Found a white marble altar of Elyvilon.
 10489 | D:7      | Reached skill level 1 in Polearms
 10499 | D:7      | Reached XP level 9. HP: 24/58 MP: 3/13
 10646 | D:7      | Killed a cyclops
 10945 | D:7      | Found a staircase to the Ecumenical Temple.
 10984 | Temple   | Entered the Ecumenical Temple
 11215 | Temple   | Became a worshipper of Hepliaklqana the Forgotten
 11227 | D:7      | Found Mimpuonu's Antique Armour Boutique.
 11245 | D:7      | Bought a faintly glowing cloak for 275 gold pieces
 11245 | D:7      | Identified the +1 cloak of Dice, Bag, and Bottle {MP-9
                  | Int+3} (You bought it in a shop on level 7 of the Dungeon)
 11906 | D:8      | Noticed Gastronok
 11943 | D:8      | Killed Gastronok
 11944 | D:8      | Reached skill level 1 in Fighting
 11944 | D:8      | Reached skill level 5 in Dodging
 11944 | D:8      | Reached skill level 12 in Summonings
 11944 | D:8      | Reached XP level 10. HP: 43/66 MP: 1/16
 12100 | D:8      | Learned a level 4 spell: Summon Lightning Spire
 12106 | D:8      | Noticed a two-headed ogre
 12299 | D:9      | You fall into a shaft and drop 1 floor!
 12299 | D:10     | Entered Level 10 of the Dungeon
 12299 | D:10     | Found a radiant altar of Vehumet.
 12300 | D:10     | Found a sacrificial altar of Ru.
 12311 | D:10     | Found a shadowy altar of Dithmenos.
 12341 | D:10     | Reached skill level 5 in Polearms
 12415 | D:10     | Reached skill level 1 in Hexes
 12492 | D:10     | Reached skill level 5 in Spellcasting
 12757 | D:9      | Reached skill level 13 in Summonings
 12776 | D:9      | Found a transporter.
 12812 | D:9      | Found a transporter.
 12818 | D:9      | Found a transporter.
 12818 | D:9      | Found a transporter.
 12873 | D:9      | Reached * piety under Hepliaklqana
 12987 | D:9      | Found a shimmering altar of Xom.
 12987 | D:9      | Noticed Pikel
 13015 | D:9      | Killed Pikel
 13020 | D:9      | Noticed Grum
 13026 | D:9      | Killed Grum
 13070 | D:9      | Found a transporter.
 13074 | D:9      | Found a transporter.
 13177 | D:9      | Found an ancient bone altar of Kikubaaqudgha.
 13177 | D:9      | Found a broken altar of Ashenzari.
 13196 | D:9      | Reached XP level 11. HP: 59/65 MP: 10/19
 13529 | D:9      | Learned a level 3 spell: Dazzling Flash
 13759 | D:8      | Killed a two-headed ogre
 13812 | D:8      | Got the Folio of Conjury
 15414 | D:10     | Found a staircase to the Lair.
 15714 | D:10     | Reached ** piety under Hepliaklqana
 15721 | D:10     | Remembered your ancestor Amnanu as a hexer
 15878 | D:10     | Noticed a cyclops
 15889 | D:10     | Killed a cyclops
 15974 | D:10     | Found a staircase to the Orcish Mines.
 16466 | D:11     | Paralysed by a hornet for 3 turns
 16586 | D:11     | Noticed a two-headed ogre
 16593 | D:11     | Killed a two-headed ogre
 16594 | D:11     | Reached skill level 5 in Stealth
 16935 | D:11     | Reached skill level 5 in Hexes
 17115 | D:11     | Noticed a green ugly thing
 17123 | D:11     | Killed a green ugly thing
 17168 | D:11     | Noticed Josephine
 17185 | D:11     | Killed Josephine
 17186 | D:11     | Reached XP level 12. HP: 72/72 MP: 18/21
 17195 | D:11     | Reached skill level 14 in Summonings
 17498 | D:11     | Found a radiant altar of Vehumet.
 17805 | Lair:1   | Entered Level 1 of the Lair of Beasts
 18034 | Lair:1   | Reached *** piety under Hepliaklqana
 18563 | Lair:1   | Learned a level 5 spell: Silence
 18632 | Lair:1   | Noticed a seven-headed hydra
 18668 | Lair:1   | Killed a seven-headed hydra
 18747 | Lair:1   | Noticed an eight-headed hydra
 18757 | Lair:1   | Killed an eight-headed hydra
 19103 | Lair:1   | Reached skill level 1 in Conjurations
 19377 | Lair:2   | Reached skill level 10 in Dodging
 19406 | Lair:2   | Reached XP level 13. HP: 64/81 MP: 17/23
 19456 | Lair:2   | Found a staircase to the Snake Pit.
 19695 | Lair:2   | Reached skill level 5 in Fighting
 19795 | Lair:2   | Reached skill level 15 in Summonings
 19994 | Lair:2   | Found a staircase to the Swamp.
 20099 | Lair:2   | Reached **** piety under Hepliaklqana
 20913 | Lair:3   | Reached skill level 1 in Invocations
 20925 | Lair:3   | Reached skill level 1 in Evocations
 21602 | Lair:3   | Gained mutation: Your muscles are strong. (Str +4, Int/Dex
                  | -1) [potion of mutation]
 21602 | Lair:3   | Gained mutation: You are partially covered in iridescent
                  | scales. (AC +2) [potion of mutation]
 21602 | Lair:3   | Gained mutation: You are somewhat resistant to further
                  | mutation. [potion of mutation]
 21660 | Lair:4   | Noticed Rupert
 21697 | Lair:4   | Killed Rupert
 21947 | Lair:4   | Found a staircase to the Slime Pits.
 21949 | Lair:4   | Found a viscous altar of Jiyva.
 22078 | Lair:4   | Reached ***** piety under Hepliaklqana
 22568 | Lair:5   | Entered Level 5 of the Lair of Beasts
 22597 | Lair:5   | Found a gate leading to a gauntlet.
 22600 | Lair:5   | Identified the +8 spear of Paus {freeze, rPois rC+ Stlth+}
 22862 | Lair:5   | Reached XP level 14. HP: 42/88 MP: 8/26
 23132 | Lair:5   | Reached skill level 5 in Invocations
 24122 | D:12     | Learned a level 3 spell: Mephitic Cloud
 24125 | D:12     | Learned a level 1 spell: Slow
 24225 | Abyss:2  | Cast into level 2 of the Abyss (unwielding a weapon of
                  | distortion)
 24312 | D:12     | Escaped the Abyss
 24990 | D:13     | Noticed Urug
 25014 | D:13     | Killed Urug
 25015 | D:13     | Reached skill level 16 in Summonings
 25348 | D:13     | Found a frozen archway.
 25357 | IceCv    | Entered an ice cave
 25384 | IceCv    | Found a transporter.
 25396 | IceCv    | Found a transporter.
 25513 | D:13     | Reached skill level 1 in Air Magic
 26361 | D:14     | Reached skill level 10 in Polearms
 26368 | D:14     | Reached XP level 15. HP: 94/94 MP: 16/27
 26873 | D:1      | Bought a pitted scale mail for 225 gold pieces
 26873 | D:1      | Identified the +6 scale mail of Ynai {Rampage} (You bought
                  | it in a shop on level 1 of the Dungeon)
 26982 | D:3      | Bought a tin of tremorstones (2/2) for 560 gold pieces
 27302 | D:4      | Killed fireball365's ghost
 27845 | D:14     | Noticed Azrael
 27858 | D:14     | Killed Azrael
 27859 | D:14     | Reached skill level 5 in Evocations
 28165 | D:14     | Found a gate to the Vaults.
 28615 | D:14     | Reached skill level 1 in Armour
 28625 | D:14     | Identified the +0 helmet "Uvuofaf" {rN+}
 28636 | D:14     | Found a shimmering blue altar of Sif Muna.
 29050 | D:15     | Entered Level 15 of the Dungeon
 29050 | D:15     | Reached ****** piety under Hepliaklqana
 29547 | Orc:1    | Entered Level 1 of the Orcish Mines
 29613 | Orc:1    | Noticed Erica
 30478 | D:10     | Killed Erica
 30479 | D:10     | Reached skill level 1 in Poison Magic
 32088 | Orc:2    | Entered Level 2 of the Orcish Mines
 32316 | Orc:2    | Found Duinaetue's General Store.
 32667 | Orc:2    | Found a staircase to the Elven Halls.
 32853 | Orc:2    | Found Pakkyffost's Jewellery Shop.
 33050 | Orc:2    | Reached skill level 5 in Armour
 33069 | Orc:2    | Found Picedoq's Antique Weapon Boutique.
 33073 | Orc:2    | Found Cyhio's Armour Shoppe.
 33083 | Orc:2    | Found Ipse Voplia's Weapon Shoppe.
 33399 | Orc:2    | Bought a +2 buckler of protection for 365 gold pieces
 33399 | Orc:2    | Bought the +2 pair of boots of Vanity {Str+4} for 508 gold
                  | pieces
 33814 | D:15     | Reached skill level 1 in Shields
 33824 | D:15     | Reached XP level 16. HP: 73/101 MP: 23/29
 34069 | D:15     | Found a white marble altar of Elyvilon.
 34229 | D:15     | Identified the +7 falchion "Zedid" {drain, rC++ Int+2}
 34555 | D:15     | Found a staircase to the Depths.
 34959 | Swamp:1  | Entered Level 1 of the Swamp
 34963 | Swamp:1  | Noticed a fenstrider witch
 34977 | Swamp:1  | Killed a fenstrider witch
 35001 | Swamp:1  | Noticed a thorn hunter
 35016 | Swamp:1  | Killed a thorn hunter
 35692 | Swamp:1  | Noticed Roxanne
 35957 | Swamp:1  | Slain by a spectral eight-headed hydra

Illustrated notes

Levels and vault maps discovered:
D:1:      minmay_arrival_checkered_box, layout_loops_cross, serial_shops,
          shop_statue
D:2:      layout_loops_corners
D:3:      layout_basic, serial_shops, nicolae_shop_competitors_out_of_business,
          dreamdust_ecumenical_altar_drowned_temple, serial_bayou_ford_a,
          amethyst_killhole
D:4:      layout_cave_pods, mainiacjoe_overflow_small_starburst,
          hellmonk_ghost_happy_afterlife, uniq_natasha, uniq_robin
D:5:      layout_layer_cave
D:6:      layout_cave_pools, overflow_temple_1_default
D:7:      layout_layer_cave, nicolae_overflow_squiral,
          minmay_temple_entry_large_hall, serial_shops, nicolae_square_shop
D:8:      layout_loops_ring, enter_bailey_7, uniq_gastronok
D:9:      layout_basic, jmf_multi_god_temple, brannock_xom_greatest_gift,
          serial_nicolae_subway, nicolae_sub_station_stone,
          nicolae_sub_station_crystal, nicolae_sub_station_metal, uniq_pikel,
          uniq_grum
D:10:     layout_stronghold, minitemple, david_lair_generic, hiddenorc1_lemuel,
          serial_bayou, serial_bayou_pond_c, serial_bayou_shore_a,
          serial_bayou_pond_e, serial_bayou_pond_c
D:11:     layout_irregular_city, serial_column_ruins,
          column_ruins_corridor_straight, column_ruins_grid_1,
          column_ruins_open_tiny, column_ruins_open_tiny,
          column_ruins_open_tiny, nicolae_vehumet_altar_sigil, uniq_josephine
D:12:     layout_rooms, minmay_fractal_squares_gapless_5
D:13:     kennysheep_seaside_town, layout_cave_pools,
          portal_ice_cave_entry_ice_simulacra, uniq_urug
D:14:     layout_irregular_city, erik_vaults_1, serial_bayou_pond_c,
          led_sif_pool, uniq_azrael
D:15:     grunt_enter_depths_snipers, layout_cave_pods,
          nicolae_elyvilon_peaceful_grove
Temple:   nicolae_temple_x_marks_the_god
Lair:1:   layout_chaotic_city, grunt_megastairs_2
Lair:2:   layout_gridlike, nicolae_swamp_entry_splash_gauntlet,
          guppyfry_snake_entry_island
Lair:3:   layout_chaotic_city, serial_bayou_shore_b
Lair:4:   layout_loops_ring, dpeg_slime_entry_corner, uniq_rupert
Lair:5:   hangedman_lair_tendril_chambers, layout_gridlike,
          gauntlet_entry_generic, lemuel_fruit_fields
Swamp:1:  cheibrodos_swamp_monstrosity, layout_basic_swamp,
          infiniplex_staircase_pool, hangedman_swamp_dais, uniq_roxanne
Orc:1:    layout_caves, nicolae_volcano_entry_two_sided, guppyfry_orc_lava_fort,
          uniq_erica
Orc:2:    st_orc_elflike, layout_diamond_mine, serial_shops, nicolae_square_shop

Skill      XL: |  1  2  3  4  5  6  7  8  9 10 11 12 13 14 15 16 |
---------------+-------------------------------------------------+-----
Summonings     | 5 6 7 8 9 11 12 13 14 15 16 | 16.8
Dodging        | 3 5 6 8 10 11 12 | 12.4
Polearms       | 1 4 5 7 8 10 | 10.0
Spellcasting   | 4 5 6 7 8 9 |  9.5
Stealth        | 3 5 6 7 9 |  9.0
Fighting       | 1 2 3 4 5 6 |  6.6
Hexes          | 3 5 6 7 8 |  8.6
Conjurations   | 1 2 |  2.0
Invocations    | 4 6 |  6.2
Evocations     | 3 4 5 |  5.7
Air Magic      | 1 |  1.8
Armour         | 5 7 |  7.1
Poison Magic   | 1 |  1.1
Shields        | 1 3 |  3.0

Action                   |  1- 3 |  4- 6 |  7- 9 | 10-12 | 13-15 | 16-18 || total
-------------------------+-------+-------+-------+-------+-------+-------++-------
Melee: Dagger            |    71 |       |       |       |       |       ||    71
       Unarmed           |     3 |       |       |       |       |       ||     3
       Spear             |    62 |   211 |   221 |   504 |   628 |   101 ||  1727
       Punch             |       |     2 |     5 |     3 |    13 |       ||    23
       Tailslap          |       |     1 |       |       |       |     3 ||     4
       Trident           |       |       |       |       |   242 |       ||   242
Throw: Boomerang         |       |       |       |     2 |     4 |     3 ||     9
       Dart              |       |       |       |       |     1 |       ||     1
 Cast: Summon Small Mamm |    14 |     5 |     8 |     2 |     1 |       ||    30
       Call Imp          |    10 |    16 |    11 |     5 |     8 |       ||    50
       Call Canine Famil |       |    27 |    33 |    38 |    72 |     7 ||   177
       Searing Ray       |       |     1 |     1 |     5 |     2 |     5 ||    14
       Summon Guardian G |       |       |     3 |    25 |    33 |     5 ||    66
       Summon Lightning  |       |       |       |    12 |    20 |     2 ||    34
       Dazzling Flash    |       |       |       |    10 |    16 |       ||    26
       Mephitic Cloud    |       |       |       |       |    20 |     2 ||    22
       Slow              |       |       |       |       |     9 |     2 ||    11
       Silence           |       |       |       |       |     2 |       ||     2
Invok: Ancestor Life: He |       |       |       |     1 |       |       ||     1
       Recall Ancestor   |       |       |       |       |     9 |       ||     9
Evoke: Wand              |       |     3 |     2 |     3 |       |       ||     8
  Use: Scroll            |       |     5 |     6 |     6 |    16 |     1 ||    34
       Potion            |       |     3 |     7 |     5 |     8 |     1 ||    24
 Stab: Sleeping          |     3 |     7 |     2 |     3 |     9 |       ||    24
       Distracted        |     1 |     2 |     3 |    10 |    19 |     1 ||    36
       Confused          |       |       |       |    12 |    30 |       ||    42
       Invisible         |       |       |       |     2 |     5 |       ||     7
       Paralysed         |       |       |       |       |    35 |     7 ||    42
Armor: Robe              |    32 |    19 |    41 |    34 |       |       ||   126
       Skin              |       |    74 |       |    19 |       |       ||    93
       Steam dragon scal |       |       |       |    66 |    60 |       ||   126
       Acid dragon scale |       |       |       |       |    32 |    29 ||    61
Dodge: Dodged            |   116 |    91 |   147 |   327 |   347 |    51 ||  1079
Block: Buckler           |       |       |       |       |     2 |    11 ||    13
